 Dungeon Crawl Stone Soup version 0.19.0-2-gae57169 (webtiles) character file.

6925 lorenzova the Thaumaturge (level 10, -4/50 HPs)
             Began as a Deep Elf Conjurer on Nov 6, 2016.
             Was a Priest of Vehumet.
             Killed by divine providence
             ... invoked by an orc priest
              (16 damage)
             ... on level 10 of the Dungeon.
             The game lasted 00:24:56 (11553 turns).

lorenzova the Thaumaturge (Deep Elf Conjurer)      Turns: 11553, Time: 00:24:56

Health: -4/50      AC:  7    Str:  5    XL:     10   Next: 80%
Magic:  11/38      EV: 12    Int: 24    God:    Vehumet [***...]
Gold:   375        SH:  0    Dex: 20    Spells: 3 memorised, 26 levels left

rFire  . . .     SeeInvis +     f - +0 rapier "Icasinuel" {freeze, rC+ MR- Dex+5}
rCold  + . .     Gourm    .     E - +3 leather armour of Follow the Leader {rElec}
rNeg   . . .     Faith    .     (no shield)
rPois  .         Spirit   .     (no helmet)
rElec  +         Reflect  .     (no cloak)
rCorr  .         Harm     .     G - +0 pair of gloves
MR     .....                    (no boots)
Stlth  ++........               L - amulet of regeneration
                                P - ring of see invisible
                                u - ring of magical power

@: very slightly contaminated
A: no striking features
a: Renounce Religion


You were on level 10 of the Dungeon.
You worshipped Vehumet.
Vehumet was most pleased with you.
You were hungry.

You visited 2 branches of the dungeon, and saw 11 of its levels.

You collected 711 gold pieces.
You spent 336 gold pieces at shops.

Inventory:

Hand Weapons
 f - the +0 rapier "Icasinuel" (weapon) {freeze, rC+ MR- Dex+5}
   (You found it on level 8 of the Dungeon)

   It has been specially enchanted to freeze those struck by it, causing extra
   injury to most foes and up to half again as much damage against particularly
   susceptible opponents.
   It can also slow down cold-blooded creatures.
   It affects your dexterity (+5).
   It protects you from cold.
   It affects your resistance to hostile enchantments.
Armour
 a - a +0 robe
 E - the +3 leather armour of Follow the Leader (worn) {rElec}
   (You bought it in a shop on level 7 of the Dungeon)

   It insulates you from electricity.
 F - the +3 warlock's mirror {reflect}
   (You found it on level 5 of the Dungeon)
 G - a +0 pair of gloves (worn)
Magical Staves
 K - an uncursed staff of fire
 R - an uncursed staff of summoning
Jewellery
 u - a ring of magical power (left hand)
 v - an uncursed ring of flight
 L - an amulet of regeneration (around neck)
 M - an uncursed amulet of rage
 P - a ring of see invisible (right hand)
 T - an uncursed amulet of the gourmand
Wands
 I - a wand of iceblast (7/15)
 J - a wand of disintegration (16/24)
 Q - a wand of acid (8/15)
 S - a wand of acid (5/15)
Scrolls
 g - a scroll of fear {unknown}
 h - a scroll of fog {unknown}
 k - 4 scrolls of teleportation
 m - 5 scrolls of remove curse
 q - a scroll of blinking {unknown}
 s - 2 scrolls of noise {unknown}
 x - 2 scrolls of magic mapping {unknown}
 y - 2 scrolls of enchant weapon {unknown}
 z - a scroll of identify
 A - a scroll of summoning {unknown}
 B - 2 scrolls of torment {unknown}
 D - a scroll of acquirement {unknown}
 N - a scroll of random uselessness {unknown}
Potions
 e - 3 potions of resistance
 i - 4 potions of lignification
 j - a potion of berserk rage
 l - 3 potions of heal wounds {unknown}
 n - 2 potions of invisibility {unknown}
 r - 5 potions of curing
 t - 2 potions of agility
 w - 2 potions of flight
 C - a potion of haste
 H - 2 potions of ambrosia
Books
 b - a book of Conjurations

   Spells                             Type                      Level
   a - Magic Dart                     Conjuration                  1
   b - Searing Ray                    Conjuration                  2
   c - Dazzling Spray                 Conjuration/Hexes            3
   d - Fulminant Prism                Conjuration/Hexes            4
   e - Iskenderun's Mystic Blast      Conjuration                  4
   f - Iskenderun's Battlesphere      Conjuration/Charms           5
 O - a book of Maledictions

   Spells                             Type                      Level
   a - Corona                         Hexes                        1
   b - Ensorcelled Hibernation        Hexes/Ice                    2
   c - Confuse                        Hexes                        3
   d - Tukima's Dance                 Hexes                        3
   e - Dazzling Spray                 Conjuration/Hexes            3
Comestibles
 c - 8 bread rations
 d - 3 meat rations
 o - 2 slices of pizza
 p - 3 beef jerkies
 U - 10 royal jellies


   Skills:
 * Level 1.4 Armour
 - Level 2.4 Dodging
 - Level 2.4 Stealth
 * Level 1.4 Shields
 + Level 13.5 Spellcasting
 + Level 12.2 Conjurations
 - Level 9.0 Charms


You had 26 spell levels left.
You knew the following spells:

 Your Spells              Type           Power        Failure   Level  Hunger
a - Magic Dart            Conj           ####         1%          1    None
b - Iskenderun's Battles  Conj/Chrm      ######..     1%          5    ###....
c - Iskenderun's Mystic   Conj           ######..     1%          4    None


Dungeon Overview and Level Annotations

Branches:
Dungeon (10/15)            Temple (1/1) D:5
   Lair: D:8-11         Orc: D:9-12

Altars:
Ashenzari
Cheibriados
Dithmenos
Elyvilon
Fedhas
Gozag
Kikubaaqudgha
Makhleb
Nemelex Xobeh
Qazlal
Sif Muna
Vehumet
Zin

Shops:
D:5 %%(((   D:7 [   D:8 (%?%

Annotations:
D:2 Sigmund


Message History

Press: ? - help, Shift-Dir - straight line, f/p - orc warrior
Aim: an orc warrior, wielding a battleaxe and wearing a runed plate armour (almost dead)
The orb of energy hits the orc warrior.
You kill the orc warrior!
Vehumet accepts your kill.
You feel your power returning.
Your battlesphere fires!
Your battlesphere expends the last of its energy and dissipates.
The orc priest miscasts a cantrip.
Casting: Iskenderun's Mystic Blast
Confirm with . or Enter, or press ? or * to list all spells.
Aiming: Iskenderun's Mystic Blast
Press: ? - help, Shift-Dir - straight line, f - orc priest
Aim: an orc priest, wielding a dagger and wearing a leather armour You miscast Iskenderun's Mystic Blast.
You are very lightly contaminated with residual magic.
You smell something strange.
The orc priest calls down the wrath of Beogh upon you.
Beogh smites you!
You die...

### ## ##.###8##
##...#...#...
############....@)..)...
........).).......))o...
.......#...)..........).
.......#....#.ยง.#...#...
.......#....##.###.## 8#
............######## #
............>......
..........###########
..#######.'..........


You could see an orc priest.

Vanquished Creatures
  2 hill giants
  A centaur zombie (D:10)
  A hornet (D:8)
  A troll (D:10)
  A hippogriff (D:9)
  A wyvern (D:8)
  A yak (D:7)
  Grum (D:8)
  A water moccasin (D:6)
  6 orc warriors
  5 ice beasts
  2 ogres
  2 phantoms
  A necrophage (D:10)
  4 wolves (D:8)
  6 centaurs
  3 big kobolds
  Blork the orc (D:4)
  3 bullfrogs
  A scorpion (D:4)
  8 wights
  A howler monkey (D:8)
  3 crimson imps
  2 quasits
  A centaur skeleton (D:9)
  4 orc priests
  Crazy Yiuf (D:7)
  4 hounds
  3 jellies (D:10)
  9 orc wizards
  A gnoll shaman (D:4)
  2 bullfrog skeletons (D:4)
  7 iguanas
  5 worker ants
  A hound zombie (D:9)
  A worker ant zombie (D:5)
  4 gnolls (D:4)
  6 adders
  8 oozes
  2 adder skeletons
  3 worms (D:2)
  3 dart slugs
  3 leopard geckos
  29 orcs
  3 bats
  7 giant cockroaches
  8 goblins
  5 hobgoblins
  8 jackals
  13 kobolds
  7 quokkas
  A ball python (D:1)
  5 frilled lizards
  A jackal zombie (D:5)
  11 rats
224 creatures vanquished.

Notes
Turn   | Place    | Note
-------+----------+-------------------------------------------
     0 | D:1      | lorenzova the Deep Elf Conjurer began the quest for the Orb.
     0 | D:1      | Reached XP level 1. HP: 10/10 MP: 6/6
   176 | D:1      | Reached XP level 2. HP: 12/15 MP: 0/8
   726 | D:1      | Reached skill level 4 in Spellcasting
   933 | D:2      | Reached XP level 3. HP: 19/19 MP: 5/10
  1139 | D:2      | Found a sparkling altar of Nemelex Xobeh.
  1290 | D:2      | Found a faded altar of an unknown god.
  1303 | D:2      | Reached skill level 5 in Conjurations
  1508 | D:2      | Noticed Sigmund
  2049 | D:3      | Reached XP level 4. HP: 24/24 MP: 9/12
  2076 | D:3      | Learned a level 4 spell: Iskenderun's Mystic Blast
  2330 | D:3      | Reached skill level 5 in Spellcasting
  2450 | D:3      | Found a snail-covered altar of Cheibriados.
  2472 | D:3      | Found a burning altar of Makhleb.
  3033 | D:4      | Reached XP level 5. HP: 28/28 MP: 15/15
  3221 | D:4      | Noticed Blork the orc
  3224 | D:4      | Killed Blork the orc
  3224 | D:4      | Reached skill level 6 in Spellcasting
  3322 | D:4      | Reached XP level 6. HP: 26/32 MP: 17/17
  3459 | D:4      | Learned a level 5 spell: Iskenderun's Battlesphere
  3909 | D:5      | Entered Level 5 of the Dungeon
  4035 | D:5      | Reached skill level 1 in Charms
  4336 | D:5      | Reached skill level 7 in Spellcasting
  4543 | D:5      | Found Hoduodd's Weapon Shoppe.
  4561 | D:5      | Found Figu's Antique Weapon Boutique.
  4581 | D:5      | Found Badahoa's Weapon Shoppe.
  4613 | D:5      | Found Etud's Food Boutique.
  4882 | D:5      | Found Weda's Food Emporium.
  4952 | D:5      | Noticed an ice beast
  4962 | D:5      | Killed an ice beast
  4962 | D:5      | Reached XP level 7. HP: 36/36 MP: 7/19
  5154 | D:5      | Found a staircase to the Ecumenical Temple.
  5202 | Temple   | Entered the Ecumenical Temple
  5271 | Temple   | Became a worshipper of Vehumet
  5983 | D:6      | Reached skill level 8 in Spellcasting
  6189 | D:6      | Reached XP level 8. HP: 41/41 MP: 22/22
  6792 | D:7      | Found Sanyfur's Antique Armour Shoppe.
  6800 | D:7      | Bought a heavily runed leather armour for 140 gold pieces
  6811 | D:7      | Identified the +3 leather armour of Follow the Leader {rElec} (You bought it in a shop on level 7 of the Dungeon)
  6818 | D:7      | Reached skill level 9 in Spellcasting
  7145 | D:7      | Found a runed door.
  7202 | D:7      | Reached skill level 5 in Charms
  7353 | D:7      | Noticed a hill giant
  7466 | D:7      | Noticed Crazy Yiuf
  7468 | D:7      | Killed Crazy Yiuf
  7863 | D:7      | Reached * piety under Vehumet
  7863 | D:7      | Offered knowledge of Flame Tongue by Vehumet.
  8179 | D:7      | Reached skill level 10 in Spellcasting
  8354 | D:7      | Reached XP level 9. HP: 45/45 MP: 25/25
  8430 | D:7      | Killed a hill giant
  8430 | D:7      | Reached skill level 10 in Conjurations
  8593 | D:8      | Reached skill level 11 in Spellcasting
  8690 | D:8      | Found a deep blue altar of Sif Muna.
  8832 | D:8      | Found Zojum's Food Emporium.
  9090 | D:8      | Found Ekho Cil's Magic Scroll Emporium.
  9096 | D:8      | Bought a scroll of remove curse for 42 gold pieces
  9096 | D:8      | Bought a scroll of identify for 28 gold pieces
  9096 | D:8      | Bought a scroll of identify for 28 gold pieces
  9096 | D:8      | Bought a scroll of identify for 28 gold pieces
  9096 | D:8      | Bought a scroll of teleportation for 42 gold pieces
  9096 | D:8      | Bought a scroll of identify for 28 gold pieces
  9180 | D:8      | Paralysed by a hornet for 1 turns
  9229 | D:8      | Found Siac's Food Shop.
  9233 | D:8      | Reached skill level 12 in Spellcasting
  9337 | D:8      | Reached ** piety under Vehumet
  9340 | D:8      | Offered knowledge of Shock by Vehumet.
  9350 | D:8      | Noticed Grum
  9360 | D:8      | Killed Grum
  9364 | D:8      | Reached XP level 10. HP: 44/50 MP: 5/28
  9615 | D:8      | Got an iridescent rapier
  9616 | D:8      | Identified the cursed +0 rapier "Icasinuel" {freeze, rC+ MR- Dex+5} (You found it on level 8 of the Dungeon)
  9735 | D:8      | Found Ruestyne's Weapon Boutique.
 10046 | D:9      | Noticed a hill giant
 10049 | D:9      | Killed a hill giant
 10285 | D:9      | Offered knowledge of Conjure Flame by Vehumet.
 10934 | D:10     | Entered Level 10 of the Dungeon
 11015 | D:10     | Reached skill level 13 in Spellcasting
 11075 | D:10     | Reached *** piety under Vehumet
 11310 | D:10     | Offered knowledge of Force Lance by Vehumet.
 11398 | D:10     | Reached skill level 1 in Armour
 11398 | D:10     | Reached skill level 1 in Shields
 11553 | D:10     | Killed from afar by an orc priest

Skill      XL: |  1  2  3  4  5  6  7  8  9 10 |
---------------+-------------------------------+-----
Spellcasting   | 4 5 6 7 8 10 12 13 | 13.5
Conjurations   | 5 6 7 8 9 11 12 | 12.2
Charms         | 2 3 5 7 9 |  9.0
Armour         | 1 |  1.4
Shields        | 1 |  1.4
Dodging        | |  2.4
Stealth        | |  2.4

Action                   |  1- 3 |  4- 6 |  7- 9 | 10-12 || total
-------------------------+-------+-------+-------+-------++-------
Melee: Flail             |       |       |       |     5 ||     5
       Rapier            |       |       |       |     2 ||     2
 Cast: Magic Dart        |    82 |   125 |   155 |   103 ||   465
       Iskenderun's Myst |       |     7 |    40 |    27 ||    74
       Iskenderun's Batt |       |       |    16 |    24 ||    40
  Use: Scroll            |       |       |     8 |     4 ||    12
  Eat: Chunk             |     3 |     4 |    11 |     7 ||    25
       Bread ration      |       |     1 |       |       ||     1
       Fruit             |       |       |     8 |       ||     8
       Beef jerky        |       |       |       |     1 ||     1
Armor: Robe              |     1 |     3 |     1 |       ||     5
       Leather armour    |       |       |     9 |    13 ||    22
Dodge: Dodged            |     4 |    15 |    33 |    40 ||    92
Block: Buckler           |       |     1 |     1 |       ||     2
